 Dungeon Crawl Stone Soup version 0.28.0-53-g5a82cb258f (webtiles) character file.

Game seed: 8763500764084079619

128 Sin92 the Magician (level 4, -3/32 HPs)
             Began as a Demonspawn Hedge Wizard on July 9, 2022.
             Slain by Grinder (5 damage)
             ... on level 3 of the Dungeon.
             The game lasted 00:06:54 (3279 turns).

Sin92 the Magician (Demonspawn Hedge Wizard)        Turns: 3279, Time: 00:06:55

Health: -3/32      AC: 11    Str:  7 (10) XL:     4   Next: 87%
Magic:  9/9        EV:  1    Int: 13 (15) God:
Gold:   99         SH:  3    Dex: 12 (15) Spells: 8/9 levels left

rFire   + . .      SeeInvis .   d - +3 dagger (venom)
rCold   . . .      Faith    .   h - +0 buckler
rNeg    . . .      Spirit   .   g - +3 chain mail {rF+}
rPois   .          Reflect  .   c - +0 hat
rElec   .          Harm     .   (no cloak)
rCorr   .          Rampage  .   (no gloves)
Will    .....                   (no boots)
Stlth   ..........              (no amulet)
HPRegen 0.10/turn               (no ring)
MPRegen 0.11/turn               (no ring)

@: brilliant, flying
A: claws 1, foul stench 1
a: no special abilities


You were on level 3 of the Dungeon.
You visited 1 branch of the dungeon, and saw 3 of its levels.

You collected 99 gold pieces.

Inventory:

Hand Weapons
 d - a +3 dagger of venom (weapon)
Missiles
 i - a throwing net
Armour
 b - a +0 robe
 c - a +0 hat (worn)
 g - a +3 chain mail of fire resistance (worn)
 h - a +0 buckler (worn)
Scrolls
 a - a scroll of identify
 e - a scroll of brand weapon {unknown}


   Skills:
 + Level 1.6 Fighting
 + Level 1.2 Short Blades
 + Level 0.3 Armour
 - Level 2.1 Dodging
 - Level 2.3 Stealth
 + Level 0.4 Shields
 + Level 3.4 Spellcasting
 + Level 2.0 Conjurations
 - Level 1.0 Summonings
 + Level 1.6 Translocations


You had 8 spell levels left.
You knew the following spells:

 Your Spells              Type           Power      Damage    Failure   Level
a - Magic Dart            Conj           44%        1d5       100%        1

Your spell library contained the following spells:

 Spells                   Type           Power      Damage    Failure   Level
 Slow                     Hex            12%        N/A       100%        1
 Blink                    Tloc           18%        N/A       100%        2
 Call Imp                 Summ           7%         N/A       100%        2
 Sublimation of Blood     Necr           3%         N/A       100%        2
 Conjure Flame            Conj/Fire      7%         6-21      100%        3
 Mephitic Cloud           Conj/Pois/Air  5%         N/A       100%        3
 Petrify                  Tmut/Erth      3%         N/A       100%        4
 Irradiate                Conj/Tmut      3%         3d14      100%        5
 Summon Forest            Summ/Tloc      4%         N/A       100%        5
 Summon Mana Viper        Hex/Summ       5%         N/A       100%        5
 Summon Cactus Giant      Summ           3%         N/A       100%        6


Dungeon Overview and Level Annotations

Branches:
Dungeon (3/15)

Altars:

Shops:
D:1 !

Annotations:
D:3 2 runed translucent doors, Grinder


Innate Abilities, Weirdness & Mutations

You have sharp fingernails.
You may rarely emit foul miasma when damaged in melee.


Message History

There is an open door here.
Grinder is nearby!
Grinder gestures at you.
You suddenly lose the ability to move!
Grinder hits you.
You emit a cloud of foul miasma!
You can move again.
Unknown command.
You hit Grinder.
Grinder is lightly wounded.
Grinder blinks!
Grinder hits you.
You writhe in agony.
You hit Grinder but do no damage. Grinder gestures at you.
You shrug off the repeated paralysis!
You closely miss Grinder. Grinder hits you.
You writhe in agony.
You hit Grinder but do no damage.
Grinder is poisoned.
Grinder hits you but does no damage.
You hit Grinder.
Grinder is lightly wounded.
Grinder hits you.
You writhe in agony.
You closely miss Grinder.
Grinder is lightly wounded.
Grinder hits you.
* * * LOW HITPOINT WARNING * * *
You writhe in agony.
* * * LOW HITPOINT WARNING * * *
Unknown command.
It was a potion of brilliance.
You feel clever all of a sudden. You block Grinder's attack.
It was a potion of flight.
You feel very buoyant.
You fly up into the air.
Grinder hits you but does no damage.
It was a potion of degeneration.
There was something very wrong with that liquid.
You feel weakened.
You feel dopey.
You feel clumsy. Grinder hits you.
* * * LOW HITPOINT WARNING * * *
You writhe in agony.
You die...

#### ... ## #.# ....
..# ##.### ###...##.#
#....#### ......#.#
#5@....≈# #....#.#
#...#≈≈≈≈#
#....#.#####'####≈≈≈≈
...#.#.......# #≈≈
########.#.....#.#.#
#
.............#.#(#.#
....)........#.#.# #
#####...#...#.#.#
#.###...#.#.#


You could see Grinder (very poisoned).

Vanquished Creatures
  Terence (D:2)
  An orc wizard (D:3)
  Robin (D:2)
  A gnoll (D:3)
  A dart slug (D:2)
  3 orcs (D:3)
  6 endoplasms
  2 giant cockroaches (D:2)
  14 goblins
  2 hobgoblins
  3 jackals (D:2)
  3 kobolds
  3 quokkas
  5 ball pythons
  2 bats
  3 frilled lizards
  2 rats (D:1)
53 creatures vanquished.

Vanquished Creatures (others)
  2 goblins (D:2)
  A jackal (D:2)
3 creatures vanquished.

Grand Total: 56 creatures vanquished

Notes
Turn   | Place    | Note
-------+----------+-------------------------------------------
     0 | D:1      | Sin92 the Demonspawn Hedge Wizard began the quest for the
                  | Orb.
     0 | D:1      | Reached XP level 1. HP: 13/13 MP: 4/4
    65 | D:1      | Reached skill level 1 in Translocations
   121 | D:1      | Found a faded altar of an unknown god.
   254 | D:1      | Gained mutation: You have sharp fingernails. [demonic
                  | ancestry]
   254 | D:1      | Reached XP level 2. HP: 12/20 MP: 6/6
   625 | D:1      | Found Sowkieth's Distillery.
  1414 | D:2      | Reached skill level 1 in Fighting
  1548 | D:2      | Noticed Terence
  1557 | D:2      | Killed Terence
  1558 | D:2      | Gained mutation: You may rarely emit foul miasma when
                  | damaged in melee. [demonic ancestry]
  1558 | D:2      | Reached XP level 3. HP: 9/26 MP: 4/7
  2008 | D:2      | Noticed Robin
  2028 | D:2      | Reached XP level 4. HP: 9/32 MP: 8/8
  2034 | D:2      | Killed Robin
  2694 | D:3      | Reached skill level 1 in Short Blades
  3053 | D:3      | Found a runed translucent gate.
  3054 | D:3      | Found a runed translucent gate.
  3263 | D:3      | Noticed Grinder
  3267 | D:3      | Paralysed by Grinder for 3 turns
  3279 | D:3      | Slain by Grinder

Illustrated notes

Levels and vault maps discovered:
D:1:      ncdulo_halloftheorcs, layout_loops_ring,
          hellmonk_ecumenical_altar_slurped_away, serial_shops,
          nicolae_shop_stone
D:2:      layout_basic, uniq_terence, uniq_robin
D:3:      layout_basic, ebering_ghost_rock_garden, serial_rivers,
          chequers_serial_rivers_large_b, chequers_serial_rivers_micro_a,
          chequers_serial_rivers_micro_b, chequers_serial_rivers_room_b,
          chequers_serial_rivers_large_a, st_stairs_12,
          kennysheep_generic_room_3, uniq_grinder

Skill      XL: |  1  2  3  4 |
---------------+-------------+-----
Translocations | 1 |  1.6
Dodging        | 2 |  2.1
Stealth        | 2 |  2.3
Fighting       | 1 |  1.6
Short Blades   | 1 |  1.2
Conjurations   | 2 |  2.0
Armour         | |  0.3
Shields        | |  0.4
Spellcasting   | |  3.4
Summonings     | |  1.0

Action                   |  1- 3 |  4- 6 || total
-------------------------+-------+-------++-------
Melee: Dagger            |    53 |    45 ||    98
       Punch             |     1 |       ||     1
 Cast: Magic Dart        |    42 |       ||    42
  Use: Potion            |     2 |     3 ||     5
       Scroll            |     3 |       ||     3
 Stab: Sleeping          |     3 |       ||     3
       Invisible         |       |     3 ||     3
Armor: Robe              |     5 |       ||     5
       Skin              |     1 |       ||     1
       Chain mail        |    11 |    25 ||    36
Dodge: Dodged            |    27 |     2 ||    29
Block: Buckler           |       |     3 ||     3
